 Dungeon Crawl Stone Soup version 0.29.1-13-g9f3cf754e1 (webtiles) character file.

Game seed: 9319794309162409151

11 JohnSpartan the Magician (level 2, -3/15 HPs)
             Began as a Deep Elf Hedge Wizard on Feb 1, 2023.
             Slain by a quokka (5 damage)
             ... on level 2 of the Dungeon.
             The game lasted 00:08:41 (1343 turns).

JohnSpartan the Magician (Deep Elf Hedge Wizard)    Turns: 1343, Time: 00:08:42

Health: -3/15      AC:  2    Str:  7    XL:     2   Next: 13%
Magic:  7/9        EV: 12    Int: 18    God:
Gold:   46         SH:  0    Dex: 14    Spells: 8/10 levels left

rFire   . . .      SeeInvis .   a - +0 dagger
rCold   . . .      Faith    .   (no shield)
rNeg    . . .      Spirit   .   b - +0 robe
rPois   .          Reflect  .   c - +0 hat
rElec   .          Harm     .   (no cloak)
rCorr   .          Rampage  .   (no gloves)
Will    .....                   (no boots)
Stlth   ++........              (no amulet)
HPRegen 0.05/turn               (no ring)
MPRegen 0.11/turn               (no ring)

@: no status effects
A: no striking features
a: no special abilities


You were on level 2 of the Dungeon.
You visited 1 branch of the dungeon, and saw 2 of its levels.

You collected 46 gold pieces.

Inventory:

Hand Weapons
 a - a +0 dagger (weapon)
Armour
 b - a +0 robe (worn)
 c - a +0 hat (worn)
 e - a +0 leather armour
 f - a +0 chain mail
Scrolls
 h - a scroll of identify {unknown}
 i - a scroll of magic mapping {unknown}
Potions
 d - 2 potions of magic
 g - a potion of curing {unknown}
 j - a potion of ambrosia {unknown}


   Skills:
 + Level 2.7 Dodging
 * Level 2.7 Stealth
 + Level 4.5 Spellcasting
 + Level 1.3 Conjurations
 * Level 0.1 Hexes
 - Level 1.3 Summonings
 + Level 1.3 Translocations


You had 8 spell levels left.
You knew the following spells:

 Your Spells              Type           Power      Damage    Failure   Level
a - Magic Dart            Conj           32%        1d4       9%          1
b - Slow                  Hex            16%        N/A       13%         1

Your spell library contained the following spells:

 Spells                   Type           Power      Damage    Failure   Level
 Foxfire                  Conj/Fire      24%        2x1d5     11%         1
 Blink                    Tloc           16%        N/A       12%         2
 Call Imp                 Summ           8%         N/A       12%         2
 Conjure Flame            Conj/Fire      6%         6-21      32%         3
 Mephitic Cloud           Conj/Pois/Air  5%         N/A       34%         3


Dungeon Overview and Level Annotations

Branches:
Dungeon (2/15)

Altars:


Message History

The magic dart hits the kobold.
You kill the kobold!
A hobgoblin comes into view.
Magic courses through your body.
The ball python is no longer moving slowly.
Casting: Magic Dart (safe; 9% risk of failure)
Confirm with . or Enter, or press ? or * to list all spells.
Aiming: Slow (safe; 13% risk of failure)
Press: ? - help, Shift-Dir - straight line, f - ball python
Aim: a ball python (moderately wounded, chance to affect: 57%)
The ball python resists with significant effort.
The ball python barely misses you. x2
Casting: Slow (safe; 13% risk of failure)
Confirm with . or Enter, or press ? or * to list all spells.
Aiming: Slow (safe; 13% risk of failure)
Press: ? - help, Shift-Dir - straight line, f - quokka, p - ball python
Aim: a quokka (chance to affect: 57%)
You miscast Slow.
You are very lightly contaminated with residual magic.
Nothing appears to happen.
The ball python bites you. The ball python barely misses you.
The quokka barely misses you. The ball python bites you.
The ball python grabs you. The ball python constricts you.
You escape the ball python's grasp.
The quokka bites you. The quokka closely misses you.
The quokka attacks as you move away! The quokka barely misses you.
The quokka attacks as you move away! The quokka misses you.
The quokka attacks as you move away! The quokka closely misses you.
Your magical contamination has completely faded away.
Casting: Slow (safe; 13% risk of failure)
Confirm with . or Enter, or press ? or * to list all spells.
Aiming: Magic Dart (safe; 9% risk of failure)
Press: ? - help, Shift-Dir - straight line, f/p - quokka
Aim: a quokka (100% to hit)
The magic dart hits the quokka.
The quokka is severely wounded.
The quokka bites you.
* * * LOW HITPOINT WARNING * * *
The ball python closely misses you. x2; The quokka bites you.
You die...

#.##. ....... #####....
......... ........
#........ ......
#........ ...# #........
#######.########........
........................
####....#..S†...........
+......@r.....)......
#....#.########......
#....#.# ......
#.##.#.######## .....
... ..#........# $...
#####+###########.# ####
...........######'###
#.................#
#.....##.#####....#


You could see a quokka and a ball python.

Vanquished Creatures
  A ball python (D:1)
  2 endoplasms (D:1)
  A giant cockroach (D:1)
  A hobgoblin (D:1)
  2 kobolds
  A quokka (D:2)
  A bat (D:1)
9 creatures vanquished.

Vanquished Creatures (others)
  A fungus (D:1)
1 creature vanquished.

Grand Total: 10 creatures vanquished

Notes
Turn   | Place    | Note
-------+----------+-------------------------------------------
     0 | D:1      | JohnSpartan the Deep Elf Hedge Wizard began the quest for
                  | the Orb.
     0 | D:1      | Reached XP level 1. HP: 10/10 MP: 7/7
   605 | D:1      | Learned a level 1 spell: Slow
   649 | D:1      | Reached XP level 2. HP: 15/15 MP: 3/9
   771 | D:1      | Found a faded altar of an unknown god.
   782 | D:1      | Got Plato's Compendium of the Coals
  1343 | D:2      | Slain by a quokka

Illustrated notes

Levels and vault maps discovered:
D:1:      lightli_arrival_statuegarden, layout_basic, serial_co_window_serial,
          co_window_paths_a, co_window_cross_1, co_window_corner_a,
          co_window_paths_a, co_window_corner_a, co_window_paths_a,
          co_window_corner_a, co_window_cross_2, co_window_unsneaky_path_c,
          co_window_unsneaky_path_a, co_window_unsneaky_path_d,
          co_window_broadway_c, co_window_paths_e, glass_columns_a,
          glass_columns_c, glass_columns_c, glass_columns_a, glass_columns_a,
          shapermc_ecumenical_altar_rom_forum
D:2:      layout_basic

Action                   || total
-------------------------++-------
Melee: Dagger            ||     4
 Cast: Magic Dart        ||    27
       Slow              ||     6
  Use: Potion            ||     1
Armor: Robe              ||     1
Dodge: Dodged            ||    17
